 Dungeon Crawl Stone Soup version 0.29.1-2-gbd0b4ee654 (webtiles) character file.

Game seed: 13936733306190573369

1605 BlackCrag the Thaumaturge (level 8, 0/41 HPs)
             Began as a Deep Elf Air Elementalist on Oct 29, 2022.
             Was a Believer of Vehumet.
             Slain by a basilisk (5 damage)
             ... while petrified by a basilisk
             ... on level 7 of the Dungeon.
             The game lasted 00:37:35 (7361 turns).

BlackCrag the Thaumaturge (DEAE)                    Turns: 7361, Time: 00:37:36

Health: 0/41       AC:  2    Str:  5    XL:     8   Next: 63%
Magic:  23/23      EV:  2    Int: 28    God:    Vehumet [**....]
Gold:   242        SH:  0    Dex: 15    Spells: 12/26 levels left

rFire   . . .      SeeInvis .   w - +4 dagger "Morg" {pain, Will+ Int+5}
rCold   + . .      Faith    .   (no shield)
rNeg    + + +      Spirit   .   a - +0 robe
rPois   ∞          Reflect  +   (no helmet)
rElec   .          Harm     .   (no cloak)
rCorr   .          Rampage  .   (no gloves)
Will    +....                   (no boots)
Stlth   +++.......              o - amulet "Exketsoq" {Reflect +Inv SH+5}
HPRegen 0.13/turn               d - ring of protection from cold
MPRegen 0.18/turn               k - ring of flight

@: petrified, flying
A: no striking features
a: Renounce Religion, Evoke Invisibility


You were on level 7 of the Dungeon.
You worshipped Vehumet.
Vehumet was pleased with you.
You visited 2 branches of the dungeon, and saw 8 of its levels.

You collected 242 gold pieces.

Inventory:

Hand Weapons
 w - the +4 dagger "Morg" (weapon) {pain, Will+ Int+5}
   (You found it on level 5 of the Dungeon)

   In the hands of one skilled in necromantic magic, it inflicts extra damage on
   living creatures.
   Int:       It affects your intelligence (+5).
   Will:      It increases your willpower.
Armour
 a - a +0 robe (worn)
 t - the +5 ring mail "Cioll" {rN++ Slay+2 Stlth+}
   (You found it on level 3 of the Dungeon)

   Slay:      It affects your accuracy & damage with ranged weapons and melee
   (+2).
   rN:        It greatly protects you from negative energy.
   Stlth:     It makes you more stealthy.
Jewellery
 d - a ring of protection from cold (left hand)
 k - a ring of flight (right hand)
 o - the amulet "Exketsoq" (around neck) {Reflect +Inv SH+5}
   (You found it on level 2 of the Dungeon)

   [amulet of reflection]

   It reflects blocked missile attacks.
   +Inv:      It lets you turn invisible.
   SH:        It affects your SH (+5).
 s - an amulet of guardian spirit
Wands
 n - a wand of paralysis (8)
 u - a wand of flame (11)
Scrolls
 c - a scroll of brand weapon {unknown}
 e - a scroll of immolation {unknown}
 f - a scroll of vulnerability
 h - a scroll of teleportation
 p - a scroll of magic mapping {unknown}
 q - a scroll of summoning {unknown}
 r - a scroll of poison {unknown}
 y - a scroll of enchant weapon {unknown}
 z - a scroll of silence {unknown}
 B - 2 scrolls of torment {unknown}
Potions
 b - a potion of magic
 g - 3 potions of mutation
 i - a potion of flight
 j - a potion of might
 l - 2 potions of brilliance
 m - a potion of degeneration {unknown}
 v - a potion of attraction {unknown}
 x - a potion of heal wounds {unknown}
 A - 3 potions of curing


   Skills:
 + Level 0.1 Short Blades
 + Level 3.0 Dodging
 + Level 3.9 Stealth
 + Level 0.1 Shields
 + Level 9.6 Spellcasting
 + Level 4.3 Conjurations
 + Level 0.5 Translocations
 + Level 6.9 Air Magic
 * Level 1.7 Earth Magic
 + Level 1.0 Evocations


You had 12 spell levels left.
You knew the following spells:

 Your Spells              Type           Power      Damage    Failure   Level
a - Shock                 Conj/Air       100%       1d9       1%          1
b - Static Discharge      Conj/Air       45%        3-9/arc   1%          2
c - Blink                 Tloc           32%        N/A       4%          2
d - Airstrike             Air            25%        2d(4-20)  2%          4
e - Swiftness             Air            51%        N/A       1%          3
f - Freeze                Ice            52%        1d7       4%          1
g - Sandblast             Erth           46%        2d11      1%          1

Your spell library contained the following spells:

 Spells                   Type           Power      Damage    Failure   Level
 Gell's Gravitas          Tloc           16%        N/A       10%         3
 Lesser Beckoning         Tloc           16%        N/A       10%         3
 Teleport Other           Tloc           16%        N/A       10%         3
 Frozen Ramparts          Ice            26%        1d4       13%         3
 Cause Fear               Hex            6%         N/A       38%         4
 Ice Form                 Ice/Tmut       13%        N/A       38%         4
 Summon Ice Beast         Ice/Summ       13%        N/A       38%         4
 Manifold Assault         Tloc           16%        N/A       65%         5
 Summon Forest            Summ/Tloc      7%         N/A       71%         5
 Summon Mana Viper        Hex/Summ       13%        N/A       75%         5
 Summon Cactus Giant      Summ           6%         N/A       100%        6
 Dragon Form              Tmut           6%         N/A       100%        7
 Dragon's Call            Summ           6%         N/A       100%        9


Dungeon Overview and Level Annotations

Branches:
Dungeon (7/15)             Temple (1/1) D:5

Altars:
Ashenzari
Cheibriados
Elyvilon
Fedhas
Hepliaklqana
Kikubaaqudgha
Makhleb
Okawaru
Qazlal
Sif Muna
Trog
Uskayaw
Vehumet
Yredelemnul
The Shining One

Shops:
D:4 *

Annotations:
Temple 4 transporters


Message History

You start resting.
HP restored.
You start resting.
Magic restored.
You fly downwards.
The basilisk hisses angrily.
The basilisk gazes at you. You resist with almost no effort.
There is a stone staircase leading up here.
Aiming: Shock (safe; 1% risk of failure)
Press: ? - help, Q - select action, (/) - cycle Shift-Dir - straight line The zap hits the basilisk.
The basilisk is lightly wounded.
The zap hits the basilisk.
The basilisk is moderately wounded.
A water moccasin comes into view.
The basilisk gazes at you.
You are slowing down.
The basilisk gazes at you.
Your limbs have turned to stone.
You have turned to stone.
You stop ascending the stairs.
The basilisk bites you!
The basilisk bites you but does no damage.
The basilisk barely misses you. The basilisk bites you!
The water moccasin barely misses you. The basilisk bites you.
The water moccasin bites you. The basilisk bites you!
The water moccasin bites you. x2
The basilisk gazes at you. You resist with almost no effort.
The water moccasin bites you but does no damage.
The basilisk bites you! The water moccasin bites you. The basilisk bites you!
* * * LOW HITPOINT WARNING * * *
The water moccasin bites you.
* * * LOW HITPOINT WARNING * * *
The water moccasin bites you!
* * * LOW HITPOINT WARNING * * *
The basilisk bites you!
You die...

#..........
#..........#
#..........#
#######.[........#
#.....'...)......+
##.####..........#
#............#
#.#..S.......#
#.#.l@.......#
#.###'#.######
#.###.#.#
#.....#.#
#######.# #.# #.#
..# ###


You could see a basilisk and a water moccasin.

Vanquished Creatures
  A water moccasin (D:5)
  An ice beast (D:6)
  3 ogres
  2 centaurs (D:6)
  Blork the orc (D:4)
  A kobold brigand (D:5)
  A necrophage (D:6)
  A scorpion (D:6)
  A centaur zombie (D:6)
  A gnoll bouda (D:6)
  2 hounds (D:5)
  A jelly (D:4)
  5 orc priests
  3 iguanas
  3 orc wizards
  A howler monkey zombie (D:6)
  7 adders
  8 gnolls (D:6)
  A shadow imp (D:5)
  A white imp (D:5)
  An ufetubus (D:6)
  2 worms
  5 dart slugs
  17 orcs
  5 endoplasms
  3 giant cockroaches
  3 goblins
  4 hobgoblins
  4 jackals (D:4)
  6 quokkas
  9 ball pythons
  3 bats
  8 frilled lizards
  13 kobolds
  7 rats
135 creatures vanquished.

Vanquished Creatures (others)
  A human (D:3)
  13 plants
14 creatures vanquished.

Grand Total: 149 creatures vanquished

Notes
Turn   | Place    | Note
-------+----------+-------------------------------------------
     0 | D:1      | BlackCrag the Deep Elf Air Elementalist began the quest for
                  | the Orb.
     0 | D:1      | Reached XP level 1. HP: 10/10 MP: 6/6
   182 | D:1      | Reached XP level 2. HP: 15/15 MP: 5/8
   185 | D:1      | Learned a level 2 spell: Static Discharge
   530 | D:1      | Found a faded altar of an unknown god.
   530 | D:1      | Noticed a hellwing
   874 | D:1      | Reached XP level 3. HP: 19/19 MP: 6/10
   933 | D:1      | Learned a level 2 spell: Blink
  1326 | D:2      | Found an ancient bone altar of Kikubaaqudgha.
  1340 | D:2      | Identified the amulet "Exketsoq" {Reflect +Inv SH+5}
  1441 | D:2      | You are sucked into a shaft and drop 2 floors!
  1445 | D:4      | Noticed Blork the orc
  1528 | D:4      | Reached skill level 4 in Spellcasting
  1539 | D:4      | Noticed an ogre
  1546 | D:4      | Found a radiant altar of Vehumet.
  1734 | D:2      | Reached XP level 4. HP: 24/24 MP: 10/12
  1739 | D:2      | Learned a level 4 spell: Airstrike
  2432 | D:3      | Found an ancient bone altar of Kikubaaqudgha.
  2433 | D:3      | Noticed a human
  2436 | D:3      | Killed a human
  2611 | D:3      | Identified the +5 ring mail "Cioll" {rN++ Slay+2 Stlth+}
  2844 | D:4      | Became a worshipper of Vehumet
  3016 | D:4      | Reached skill level 5 in Spellcasting
  3016 | D:4      | Reached XP level 5. HP: 10/28 MP: 5/14
  3219 | D:4      | Learned a level 3 spell: Swiftness
  3222 | D:4      | Found a hazy altar of Hepliaklqana.
  3284 | D:4      | Found Hilinat's Overcharged Wands.
  3576 | D:3      | Killed an ogre
  3577 | D:3      | Reached XP level 6. HP: 28/32 MP: 7/16
  3639 | D:4      | Killed Blork the orc
  3640 | D:4      | Reached skill level 5 in Air Magic
  4120 | D:5      | Entered Level 5 of the Dungeon
  4120 | D:5      | Found the +4 dagger "Morg" {pain, Will+ Int+5}
  4122 | D:5      | Reached skill level 6 in Spellcasting
  5107 | D:5      | Reached * piety under Vehumet
  5107 | D:5      | Offered knowledge of Freeze by Vehumet.
  5108 | D:5      | Reached XP level 7. HP: 36/36 MP: 7/18
  5206 | D:5      | Learned a level 1 spell: Freeze
  5421 | D:5      | Reached skill level 7 in Spellcasting
  5482 | D:5      | Found a staircase to the Ecumenical Temple.
  5488 | Temple   | Entered the Ecumenical Temple
  5488 | Temple   | Found a transporter.
  5488 | Temple   | Found a transporter.
  5490 | Temple   | Found a transporter.
  5490 | Temple   | Found a transporter.
  6075 | D:6      | Reached skill level 8 in Spellcasting
  6203 | D:6      | Reached XP level 8. HP: 41/41 MP: 15/22
  6266 | D:6      | Found a blossoming altar of Fedhas.
  6603 | D:6      | Offered knowledge of Sandblast by Vehumet.
  6615 | D:6      | Reached ** piety under Vehumet
  6748 | D:6      | Reached skill level 9 in Spellcasting
  6843 | D:6      | Learned a level 1 spell: Sandblast
  6909 | D:6      | Reached skill level 1 in Earth Magic
  7003 | D:6      | Reached skill level 1 in Evocations
  7097 | D:6      | Found a basalt altar of Yredelemnul.
  7361 | D:7      | Slain by a basilisk

Illustrated notes

Levels and vault maps discovered:
D:1:      dpeg_arrival_ratfight, layout_basic,
          dreamdust_ecumenical_altar_sealed_demon
D:2:      layout_basic, basic_altar, minmay_heptomino_o4
D:3:      layout_loops_ring, tgw_kikubaaqudgha
D:4:      layout_loops_ring, nicolae_overflow_hidden_temple,
          vehumet_altar_wand_db, kennysheep_nub, nicolae_shop_overcharged_wands,
          uniq_blork_the_orc
D:5:      layout_gridville, minmay_temple_entry_waves, lexackson_kobold_supper
D:6:      layout_basic, mainiacjoe_overflow_alcove_2,
          lemuel_zombie_altar_yredelemnul
D:7:      nzn_winding_woodlands_small [nzn_winding_woodlands_5x15_lazy_stream,
          nzn_winding_woodlands_center_lodge,
          nzn_winding_woodlands_5x15_river_crossing], layout_basic,
          nemelex_spade_bored_becter, minmay_manual_monstrance
Temple:   hellmonk_temple_divided_pantheon

Skill      XL: |  1  2  3  4  5  6  7  8 |
---------------+-------------------------+-----
Conjurations   | 2 3 4 |  4.3
Spellcasting   | 4 5 6 8 9 |  9.6
Air Magic      | 4 5 6 |  6.9
Dodging        | 3 |  3.0
Stealth        | 3 |  3.9
Earth Magic    | 1 |  1.7
Evocations     | 1 |  1.0
Short Blades   | |  0.1
Shields        | |  0.1
Translocations | |  0.5

Action                   |  1- 3 |  4- 6 |  7- 9 || total
-------------------------+-------+-------+-------++-------
Melee: Dagger            |     3 |       |       ||     3
 Cast: Shock             |    81 |    67 |    58 ||   206
       Static Discharge  |     6 |    16 |     9 ||    31
       Blink             |       |     1 |     2 ||     3
       Airstrike         |       |     5 |    24 ||    29
       Sandblast         |       |       |     2 ||     2
Evoke: Wand              |       |       |    10 ||    10
  Use: Scroll            |     2 |     3 |     2 ||     7
       Potion            |       |     1 |       ||     1
Armor: Robe              |     2 |     1 |     3 ||     6
Dodge: Dodged            |     6 |     4 |     5 ||    15
Block: Other             |       |     1 |     2 ||     3
       Reflection        |       |       |     1 ||     1
